 Dungeon Crawl Stone Soup version 0.23.2-1-ga50397a (webtiles) character file.

Game seed: 17576624323705621811

333 MalarOregon the Ruffian (level 6, -1/53 HPs)
             Began as a Ghoul Gladiator on June 2, 2019.
             Slain by an orc wizard
             ... wielding a +0 dagger of electrocution
              (8 damage)
             ... on level 3 of the Dungeon.
             The game lasted 00:03:10 (2879 turns).

MalarOregon the Ruffian (Ghoul Gladiator)           Turns: 2879, Time: 00:03:11

Health: -1/53      AC:  4    Str: 18    XL:     6   Next: 52%
Magic:  5/5        EV: 13    Int:  3    God:
Gold:   150        SH:  0    Dex: 12    Spells: 5/5 levels left

rFire    . . .     SeeInvis .     - Unarmed
rCold    + . .     Gourm    .   (no shield)
rNeg     + + +     Faith    .   w - +0 leather armour (curse)
rPois    ∞         Spirit   .   b - +0 helmet
rElec    .         Reflect  .   (no cloak)
rCorr    .         Harm     .   (no gloves)
MR       .....                  (no boots)
Stlth    +.........             (no amulet)
HPRegen  0.00/turn              (no ring)
MPRegen  0.09/turn              (no ring)

@: confused, rotting
A: rotting body, claws 1, carnivore, cold resistance 1, negative energy
resistance 3, inhibited regeneration, torment resistance, unbreathing
a: no special abilities


You were on level 3 of the Dungeon.
You were not hungry.

You visited 1 branch of the dungeon, and saw 4 of its levels.

You collected 150 gold pieces.

Inventory:

Missiles
 c - 3 throwing nets (quivered) {!f}
Armour
 b - a +0 helmet (worn)
 w - a cursed +0 leather armour (worn)
   (You found it on level 3 of the Dungeon)
Jewellery
 o - a cursed ring of teleportation {unknown}
   (You found it on level 2 of the Dungeon)
 p - an uncursed ring of flight {unknown}
   (You found it on level 2 of the Dungeon)
 v - a +6 ring of strength {unknown}
   (You found it on level 3 of the Dungeon)
Scrolls
 a - 2 scrolls of enchant weapon {unknown}
 f - 2 scrolls of magic mapping {unknown}
 g - a scroll of fear {unknown}
 i - 2 scrolls of identify {unknown}
 j - 3 scrolls of remove curse {unknown}
 l - 2 scrolls of fog {unknown}
 m - 2 scrolls of immolation {unknown}
 q - 3 scrolls of amnesia {unknown}
 u - a scroll of teleportation {unknown}
Potions
 d - 2 potions of berserk rage {unknown}
 h - 2 potions of curing {unknown}
 k - a potion of flight {unknown}
 n - a potion of degeneration {unknown}
 r - 3 potions of ambrosia {unknown}
 s - 2 potions of heal wounds {unknown}
Comestibles
 e - 4 rations {!d}


   Skills:
 * Level 4.5 Fighting
 + Level 2.9 Throwing
 + Level 3.5 Dodging
 * Level 5.2 Unarmed Combat


You had 5 spell levels left.
You didn't know any spells.
Your spell library was empty.

Dungeon Overview and Level Annotations

Branches:
Dungeon (4/15)
 Temple: D:4-7

Altars:
Hepliaklqana
Yredelemnul


Innate Abilities, Weirdness & Mutations

Your body is rotting away.
You thrive on raw meat.
You are immune to poison.
You have sharp fingernails.
You are carnivorous and can eat meat at any time.
Your flesh is cold resistant. (rC+)
You are immune to negative energy. (rN+++)
You do not regenerate when monsters are visible.
You are immune to unholy pain and torment.
You can survive without breathing.


Message History

The orc barely misses you.
You climb upwards.
Reactivating autopickup.
There is a stone staircase leading down here.
Unknown command.
Okay, then.
You scratch the orc. Something hits you but does no damage.
Deactivating autopickup; reactivate with Ctrl-A.
The orc misses you.
You claw the orc!
You kill the orc!
Something barely misses you.
Unknown command.
Things that are here:
a +0 club; an orc corpse You butcher the orc corpse.
Something completely misses you.
Things that are here:
a +0 club; 3 chunks of flesh; an orc skeleton Eat one of 3 chunks of flesh? (ye/n/q)
You eat one of the 3 chunks of flesh.
This raw flesh tastes great!
Something hits you but does no damage.
Eat one of 2 chunks of flesh? (ye/n/q)
You eat one of the 2 chunks of flesh.
This raw flesh tastes great!
You hear some strange, mumbled words.
You are confused.
Eat a chunk of flesh? (ye/n/q)
You eat the chunk of flesh.
This raw flesh tastes great!
Something hits you but does no damage. Something hits you.
You are electrocuted!!
* * * LOW HITPOINT WARNING * * *
You completely miss something. Something hits you but does no damage.
You are electrocuted!
* * * LOW HITPOINT WARNING * * *
You bump into the rock wall.
An orc wizard appears from thin air!
Reactivating autopickup.
The orc wizard hits you but does no damage.
Unknown command.
The orc wizard hits you but does no damage.
Unknown command.
You bump into the rock wall.
The orc wizard casts a spell at you.
You are more confused.
You miss the orc wizard.
The orc wizard hits you with a +0 dagger of electrocution.
* * * LOW HITPOINT WARNING * * *
You are electrocuted!
You die...

#.# #.# #.# #.# #.###.#
######...#.# #........#.#
### #........#.#
..#####.......##)#
......'.......+.o#
#.#####.......##@# #.#
#.......##.# #.##
#.......##.#########
...#########.............#
...#.....#######.#######.#
...#..................##.#
...#.....#######.####....#
...####.#### #.#
#############
...'.......#####'##
#.........#


You could see an orc wizard.

Vanquished Creatures
  Grinder (D:3)
  5 gnolls
  An adder (D:3)
  An ooze (D:1)
  2 worms (D:3)
  A dart slug (D:1)
  A leopard gecko (D:3)
  4 orcs
  A giant cockroach (D:3)
  4 goblins
  9 hobgoblins
  4 jackals (D:3)
  10 kobolds
  2 quokkas (D:2)
  7 bats
  3 frilled lizards
  7 rats
63 creatures vanquished.

Notes
Turn   | Place    | Note
-------+----------+-------------------------------------------
     0 | D:1      | MalarOregon the Ghoul Gladiator began the quest for the
                  | Orb.
     0 | D:1      | Reached XP level 1. HP: 17/17 MP: 0/0
    97 | D:1      | Reached XP level 2. HP: 12/25 MP: 1/1
   434 | D:1      | Reached XP level 3. HP: 14/30 MP: 2/2
  1488 | D:2      | Reached skill level 4 in Unarmed Combat
  1869 | D:3      | Reached XP level 4. HP: 34/38 MP: 3/3
  1975 | D:3      | Found a basalt altar of Yredelemnul.
  1975 | D:3      | Found a hazy altar of Hepliaklqana.
  2049 | D:3      | Noticed Grinder
  2067 | D:3      | Paralysed by Grinder for 6 turns
  2080 | D:3      | Killed Grinder
  2080 | D:3      | Reached skill level 5 in Unarmed Combat
  2080 | D:3      | Reached XP level 5. HP: 33/47 MP: 4/4
  2080 | D:3      | Reached XP level 6. HP: 37/53 MP: 5/5
  2879 | D:3      | Slain by an orc wizard

Skill      XL: |  1  2  3  4 |
---------------+-------------+-----
Throwing       | 2 |  2.9
Fighting       | 3 4 |  4.5
Dodging        | 3 |  3.5
Unarmed Combat | 4 5 |  5.2

Action                   |  1- 3 |  4- 6 || total
-------------------------+-------+-------++-------
Melee: Unarmed           |   113 |    98 ||   211
       Punch             |     1 |     2 ||     3
  Eat: Chunk             |     5 |     6 ||    11
Armor: Leather armour    |    23 |    31 ||    54
Dodge: Dodged            |    79 |    58 ||   137
